 Dungeon Crawl Stone Soup version 0.30-a0-368-g86fb4627a9 (webtiles) character file.

Game seed: 11717199550006428256

1107 Stossel the Sneak (level 8, -1/96 HPs)
             Began as a Naga Hexslinger on Nov 18, 2022.
             Slain by a gnoll
             ... wielding a +0 halberd
             ... led by a gnoll sergeant
              (6 damage)
             ... on level 6 of the Dungeon.
             The game lasted 00:27:20 (6181 turns).

Stossel the Sneak (Naga Hexslinger)                 Turns: 6181, Time: 00:27:20

Health: -1/96      AC: 24    Str: 17    XL:     8   Next: 33%
Magic:  4/9        EV:  1    Int: 13    God:
Gold:   99         SH:  0    Dex: 12    Spells: 1/9 levels left

rFire   . . .      SeeInvis +    b - +1 dagger (speed)
rCold   . . .      Faith    .    (no shield)
rNeg    + . .      Spirit   .    (body armour currently unavailable)
rPois   +          Reflect  .    (helmet currently unavailable)
rElec   .          Harm     .    (cloak currently unavailable)
rCorr   .          Rampage  .    (gloves currently unavailable)
Will    ++...      NoTele   +    (no barding)
Stlth   +++.......               (no amulet)
HPRegen 0.36/turn                n - ring of positive energy
MPRegen 0.11/turn                t - ring of willpower

@: tree-form
A: stationary, stasis, torment immunity, boosted hp, AC +2, large, see
invisible, (deformed body), (poison resistance), (slowness 2), spit poison 1,
(naga tail 1), strong 1
a: Spit Poison


You were on level 6 of the Dungeon.
You were a tree.
You visited 2 branches of the dungeon, and saw 7 of its levels.

You collected 154 gold pieces.
You spent 55 gold pieces at shops.

Inventory:

Hand Weapons
 a - a +1 sling
 b - a +1 dagger of speed (weapon)
 k - a +0 falchion of holy wrath
 o - a +0 dagger
Armour
 c - a +0 robe (melded)
 j - a +0 cloak (melded)
Jewellery
 d - a ring of flight
 n - a ring of positive energy (left branch)
 p - a ring of resist corrosion
 q - an amulet of guardian spirit
 t - a ring of willpower (right branch)
Wands
 g - a wand of flame (14)
Scrolls
 e - a scroll of identify
 f - 3 scrolls of vulnerability {unknown}
 h - a scroll of immolation {unknown}
 l - a scroll of poison
 s - 2 scrolls of amnesia {unknown}
 u - a scroll of noise {unknown}
 v - 6 scrolls of teleportation
 w - 3 scrolls of enchant weapon {unknown}
 y - 2 scrolls of fear {unknown}
 z - a scroll of blinking {unknown}
Potions
 m - a potion of magic {unknown}
 r - 2 potions of curing
 x - 2 potions of brilliance
 A - a potion of mutation


   Skills:
 - Level 1.2 Fighting
 + Level 5.6 Ranged Weapons
 - Level 1.5 Dodging
 - Level 6.7 Stealth
 - Level 1.0 Spellcasting
 - Level 5.3 Hexes
 + Level 3.6 Translocations


You had one spell level left.
You knew the following spells:

 Your Spells              Type           Power      Damage    Failure   Level
a - Slow                  Hex            56%        N/A       3%          1
d - Cause Fear            Hex            7%         N/A       30%         4
s - Portal Projectile     Hex/Tloc       24%        N/A       13%         3

Your spell library contained the following spells:

 Spells                   Type           Power      Damage    Failure   Level
 Beastly Appendage        Tmut           0%         N/A       28%         1
 Inner Flame              Hex/Fire       7%         N/A       28%         3
 Scorch                   Fire           0%         2d5       38%         2
 Wereblood                Tmut           0%         N/A       38%         2
 Spider Form              Tmut/Pois      0%         N/A       63%         3
 Flame Wave               Conj/Fire      0%         2d4       95%         4
 Summon Cactus Giant      Summ           0%         N/A       100%        6


Dungeon Overview and Level Annotations

Branches:
Dungeon (6/15)             Temple (1/1) D:4

Altars:
Elyvilon
Gozag
Hepliaklqana
Kikubaaqudgha
Makhleb
Nemelex Xobeh
Okawaru
Qazlal
Ru
Sif Muna
Trog
Uskayaw
Vehumet
Wu Jian
Zin
The Shining One

Shops:
D:3 ?

Annotations:
D:2 Sigmund
D:4 Pikel


Innate Abilities, Weirdness & Mutations

You are a tree.
Your roots penetrate the ground, keeping you stationary.
You cannot be teleported.
You are immune to unholy pain and torment.
Your maximum health is greatly increased.
Your equipment is partially melded.
((Your serpentine skin is tough. (AC +2)))
You have supernaturally acute eyesight. (SInv)
((Armour fits poorly on your strangely shaped body.))
((Your system is resistant to poisons. (rPois)))
((You cover ground very slowly.))
You can spit poison.
((You have a snake-like lower body.))
Your muscles are strong. (Str +4, Int/Dex -1)


Message History

* * * LOW HITPOINT WARNING * * *
The gnoll shouts!
You hit the gnoll sergeant.
The gnoll sergeant is lightly wounded.
The gnoll sergeant hits you with a +0 trident.
* * * LOW HITPOINT WARNING * * *
The gnoll sergeant blocks your attack.
The gnoll sergeant is lightly wounded.
The gnoll hits you from afar with a +0 halberd.
* * * LOW HITPOINT WARNING * * *
The gnoll sergeant blocks your attack.
The gnoll sergeant is lightly wounded.
The gnoll sergeant hits you with a +0 trident.
* * * LOW HITPOINT WARNING * * *
The gnoll hits you from afar with a +0 halberd.
* * * LOW HITPOINT WARNING * * *
The gnoll sergeant blocks your attack.
The gnoll sergeant is lightly wounded.
You hit the gnoll sergeant.
The gnoll sergeant is lightly wounded.
The gnoll hits you from afar with a +0 halberd.
* * * LOW HITPOINT WARNING * * *
The gnoll sergeant hits you but does no damage.
The gnoll sergeant blocks your attack.
The gnoll sergeant is lightly wounded.
A gnoll comes into view. It is wielding a +0 long sword.
The gnoll hits you but does no damage. The gnoll sergeant blocks your attack.
The gnoll sergeant is lightly wounded.
The gnoll sergeant hits you but does no damage.
The gnoll shouts!
You hit the gnoll sergeant but do no damage.
The gnoll sergeant is lightly wounded.
The gnoll hits you but does no damage. The gnoll sergeant blocks your attack.
The gnoll sergeant is lightly wounded.
A gnoll comes into view. It is wielding a +0 whip.
The gnoll sergeant hits you but does no damage.
The gnoll hits you from afar with a +0 halberd.
You die...

####################
#.gggg♣............#
#g################.###
#. #.....# #. #.....##
#. #....... #g
#.....## #. #.....# g#
#######


You could see a gnoll sergeant (slow, reflecting) and 4 gnolls.

Vanquished Creatures
  2 black bears (D:5)
  2 ogres (D:5)
  A bullfrog (D:4)
  A necrophage (D:4)
  2 scorpions (D:6)
  A hound (D:5)
  An orc priest (D:5)
  A jelly (D:5)
  A gnoll bouda (D:3)
  3 iguanas (D:5)
  7 orc wizards
  6 gnolls
  2 adders
  A white imp (D:5)
  2 ufetubi (D:5)
  3 dart slugs
  21 orcs
  4 ball pythons
  An endoplasm (D:4)
  2 giant cockroaches
  10 goblins
  4 hobgoblins
  2 jackals (D:4)
  A quokka (D:3)
  5 bats
  A frilled lizard (D:3)
  10 kobolds
97 creatures vanquished.

Vanquished Creatures (others)
  A plant (D:1)
1 creature vanquished.

Grand Total: 98 creatures vanquished

Notes
Turn   | Place    | Note
-------+----------+-------------------------------------------
     0 | D:1      | Stossel the Naga Hexslinger began the quest for the Orb.
     0 | D:1      | Reached XP level 1. HP: 18/18 MP: 2/2
   200 | D:1      | Reached XP level 2. HP: 25/25 MP: 3/3
   234 | D:1      | Reached skill level 1 in Stealth
   399 | D:1      | Reached XP level 3. HP: 31/31 MP: 4/4
   417 | D:1      | You fall into a shaft and drop 1 floor!
   446 | D:2      | Reached skill level 2 in Stealth
  1218 | D:2      | Noticed Sigmund
  1851 | D:3      | Reached XP level 4. HP: 33/38 MP: 1/5
  2045 | D:3      | Found Egiulluf's Magic Scroll Shoppe.
  2055 | D:3      | Reached skill level 3 in Stealth
  2058 | D:3      | Bought a scroll of identify for 22 gold pieces
  2058 | D:3      | Bought a scroll of teleportation for 33 gold pieces
  2327 | D:3      | Gained mutation: Your muscles are strong. (Str +4, Int/Dex
                  | -1) [potion of mutation]
  2357 | D:3      | Reached XP level 5. HP: 8/44 MP: 6/6
  2649 | D:5      | Entered Level 5 of the Dungeon
  2787 | D:4      | Reached skill level 4 in Stealth
  2813 | D:4      | Found a staircase to the Ecumenical Temple.
  2821 | Temple   | Entered the Ecumenical Temple
  3096 | D:4      | Reached skill level 5 in Stealth
  3096 | D:4      | Reached XP level 6. HP: 11/51 MP: 3/7
  3530 | D:4      | Noticed Pikel
  3598 | D:4      | Learned a level 3 spell: Portal Projectile
  3956 | D:5      | Noticed a black bear
  4162 | D:5      | Reached skill level 6 in Stealth
  4162 | D:5      | Reached skill level 5 in Hexes
  4162 | D:5      | Reached XP level 7. HP: 40/57 MP: 4/8
  4590 | D:5      | Found an opulent altar of Gozag.
  4834 | D:5      | Reached skill level 1 in Translocations
  5100 | D:5      | Reached skill level 5 in Ranged Weapons
  5282 | D:5      | Reached XP level 8. HP: 34/64 MP: 4/9
  5384 | D:5      | Learned a level 4 spell: Cause Fear
  6181 | D:6      | Slain by a gnoll

Illustrated notes

Levels and vault maps discovered:
D:1:      amcnicky_arrival_wind_blow, layout_rooms, corexii_leaking_fountain,
          skrybe_limestone_x, kennysheep_small_spiral, nicolae_grassy_gnolls
D:2:      layout_basic, kennysheep_generic_room_5, uniq_sigmund, uniq_jessica
D:3:      layout_loops_corners, serial_shops, nicolae_shop_hallway_plus
D:4:      layout_basic, minmay_temple_entry_tees,
          hangedman_abyss_or_decor_passed, uniq_pikel
D:5:      layout_loops_corners, grunt_gozag_statues, nrook_campfire,
          kennysheep_generic_room_14
D:6:      layout_loops_ring, kennysheep_opposing_triangles
Temple:   minmay_freezing_vapour_temple

Skill      XL: |  1  2  3  4  5  6  7  8 |
---------------+-------------------------+-----
Ranged Weapons | 2 3 4 5 |  5.6
Stealth        | 1 2 3 5 6 |  6.7
Hexes          | 4 5 |  5.3
Translocations | 2 3 |  3.6
Fighting       | |  1.2
Dodging        | |  1.5
Spellcasting   | |  1.0

Action                   |  1- 3 |  4- 6 |  7- 9 || total
-------------------------+-------+-------+-------++-------
Melee: Falchion          |       |    18 |       ||    18
       Dagger            |       |    20 |   123 ||   143
       Punch             |       |       |     2 ||     2
 Fire: Sling             |    73 |   121 |    31 ||   225
 Cast: Slow              |     8 |    26 |    35 ||    69
 Abil: Spit Poison       |    22 |    39 |    29 ||    90
Evoke: Wand              |       |     1 |    12 ||    13
  Use: Potion            |       |     4 |     1 ||     5
       Scroll            |       |     4 |       ||     4
Armor: Robe              |     9 |    27 |    21 ||    57
       Skin              |       |    14 |     7 ||    21
Dodge: Dodged            |    16 |    58 |    68 ||   142

Table legend: (Time is in decaauts)
 A = Elapsed time spent in this place.
 B = Non-inter-level travel time spent in this place.
 C = Inter-level travel time spent in this place.
 D = Time resting spent in this place.
 E = Time spent auto-exploring this place.
 F = Levels seen in this place.
 G = Mean time per level.
                   A        B        C        D        E       F      G
               +--------+--------+--------+--------+--------+-----+--------+
         Total |   7673 |   7258 |    415 |   1465 |   3910 |   7 | 1096.1 |
       Dungeon |   7671 |   7256 |    415 |   1465 |   3910 |   6 | 1278.5 |
        Temple |      1 |      1 |      0 |      0 |      0 |   1 |    1.0 |
               +--------+--------+--------+--------+--------+-----+--------+

Top non-repeatable levels by time:
     D:5: 2470 daAuts
     D:3: 1607 daAuts
     D:4: 1150 daAuts
     D:2: 1000 daAuts
     D:1: 993 daAuts
     D:6: 449 daAuts
  Temple: 1 daAuts
